[Event "Speed Chess Championship 2023"]
[Site "Chess.com"]
[Date "2023.09.04"]
[Round "1"]
[White "So, Wesley"]
[Black "Aronian, Levon"]
[Result "1-0"]
[WhiteElo "3054"]
[BlackElo "3056"]
[ECO "D02"]
[EventDate "2023.??.??"]
[Annotator "rafael"]
[PlyCount "79"]
[Beauty "7699668437030"]
[EventType "team-tourn"]
[TimeControl "300+1"]

1.d4 d5 2.Nf3 c6 3.Bf4 {The London System is always present, especially in blitz matches.} 3...Qb6 4.Qc1 Bg4 5.e3 Nf6 ( 5...Bxf3 {is possible, to disrupt the pawn structure.} 6.gxf3 {With chances for both sides.} ) 6.c4 {A new position on the sixth move already.} 6...Nbd7 7.Nc3 e6 8.c5 {Pushing c4-c5 in these positions is always a difficult choice, since White loses central control.} ( 8.Nd2 $1 {[%c_effect d2;square;d2;type;GreatFind;persistent;true] this move first is more accurate, leaving c4-c5 as a possibility for later.} ) 8...Qd8 9.Nd2 {White's idea is to play b4 without Black having the option of capturing the knight. This piece can later go to b3 and the pawn breaks are well controlled. Black must strike now in order to fight for equality.} 9...Nh5 $2 ( 9...Be7 10.h3 Bf5 11.b4 {with advantage for White.} ) ( 9...e5 $1 {[%c_effect e5;square;e5;type;GreatFind;persistent;true] Black gets a playable position after this strong move.} 10.dxe5 Nh5 11.h3 ( 11.b4 a5 12.a3 Nxf4 13.exf4 g5 $1 {[%c_effect g5;square;g5;type;GreatFind;persistent;true] with excellent counterplay.} ) 11...Nxf4 12.exf4 Be6 {with a double-edged position.} ) 10.h3 $1 {[%c_effect h3;square;h3;type;GreatFind;persistent;true] White gets the advantage now.} 10...Nxf4 11.hxg4 Ng6 12.f4 $1 {[%c_effect f4;square;f4;type;GreatFind;persistent;true] A good prophylactic move, avoiding …e6-e5.} 12...Be7 13.Bd3 O-O ( 13...Bh4+ {The check is not dangerous, since White's king doesn't feel threatened in the middle of the board.} 14.Ke2 ) 14.Qc2 ( 14.f5 {is tempting, but Black can sacrifice the knight to achieve practical compensation:} 14...exf5 15.gxf5 Nge5 $1 ( 15...Nh8 {is too ugly.} ) 16.dxe5 Nxe5 17.Qc2 Bxc5 ) 14...b6 15.cxb6 $6 ( 15.f5 $1 {[%c_effect f5;square;f5;type;GreatFind;persistent;true] is very good now, since the knight sacrifice is not so good anymore.} ) 15...c5 $1 16.f5 Bh4+ $2 ( 16...cxd4 $1 {[%c_effect d4;square;d4;type;GreatFind;persistent;true] gives Black adequate counterplay:} 17.fxg6 ( 17.exd4 {now the knight gets the f4-square:} 17...exf5 18.gxf5 Nf4 $1 ) 17...dxc3 18.gxf7+ Kxf7 $1 {[%c_effect f7;square;f7;type;GreatFind;persistent;true] with a complicated position.} ) 17.Kd1 c4 ( 17...cxd4 {This doesn't work now for tactical reasons:} 18.exd4 exf5 19.gxf5 Nf4 20.f6 $1 {[%c_effect f6;square;f6;type;GreatFind;persistent;true] we can see now the problem with the bishop on h4.} ) 18.Be2 exf5 19.gxf5 Nh8 {A sad fate for the knight.} 20.Nxd5 ( 20.b7 {is even better:} 20...Rb8 21.Nxd5 Rxb7 22.Qe4 Bg5 23.f6 {winning material.} ) 20...Nxb6 21.Nxb6 axb6 22.Bxc4 Bg5 23.Rh3 Re8 24.Qd3 {White has consolidated and is two pawns up.} 24...Qe7 25.Kc2 ( 25.f6 $1 {[%c_effect f6;square;f6;type;GreatFind;persistent;true] wins immediately, here and on the next move.} ) 25...b5 26.Bxb5 ( 26.f6 $1 ) 26...Rec8+ 27.Bc4 Qb7 28.g4 $2 {[%c_effect g4;square;g4;type;Mistake;persistent;true] This allows a surprsing tactical chance for Black.} ( 28.Rah1 {is better, followed by Kb1 with an easy win.} ) 28...Qg2 $2 ( 28...Rxc4+ $1 {[%c_effect c4;square;c4;type;GreatFind;persistent;true] is very strong:} 29.Nxc4 ( 29.Qxc4 $2 Rc8 ) 29...Qg2+ 30.Kc3 Qxh3 {The game becomes sharp, although White is still better.} ) 29.Rah1 h6 30.Kb1 {White is winning again.} 30...Rab8 31.Bb3 Re8 32.Nc4 Rbd8 33.Qc2 Qxg4 34.Ne5 Rxe5 35.dxe5 Kh7 36.e6 fxe6 37.fxe6+ Ng6 38.R3h2 Qb4 39.Rf2 Qb7 40.Qxg6+ $1 {[%c_effect g6;square;g6;type;GreatFind;persistent;true] A nice finishing touch.} ( 40.Qxg6+ Kxg6 41.Bc2+ {with mate.} ) 1-0

[Event "Speed Chess Championship 2023"]
[Site "Chess.com"]
[Date "2023.09.11"]
[Round "1"]
[White "Caruana, Fabiano"]
[Black "Abdusattorov, Nodirbek"]
[Result "1-0"]
[WhiteElo "3076"]
[BlackElo "3025"]
[ECO "D02"]
[EventDate "2023.??.??"]
[Annotator "rafael"]
[PlyCount "65"]
[Beauty "8178288820239"]
[EventType "team-tourn"]
[TimeControl "300+1"]

1.d4 d5 2.Bf4 Nf6 3.Nf3 c5 4.e3 e6 5.Nbd2 Qb6 6.Rb1 {This position has been tested in several games of strong grandmasters in 2023.} 6...Bd7 {Black's plan is to exchange bishops with ...Bb5, a very common plan in the French Defense that is carried over to the London System. It was not easy, but I managed to find something in common between these two variations.} ( 6...cxd4 7.exd4 Bd7 8.c3 Bb5 9.h4 {A curious move that has the computer's approval. The machine is not shy about advancing the pawn to h4 in various openings.} 9...Nc6 10.Bxb5 Qxb5 11.Qb3 a6 12.Qxb5 axb5 13.a3 Nd7 {with a roughly equal endgame in Tabatabaei-Keymer, FIDE World Cup Baku 2023.} ) 7.c3 Bd6 ( 7...Bb5 {immediately is also possible:} 8.c4 dxc4 9.Nxc4 Bxc4 10.Bxc4 Qb4+ 11.Nd2 cxd4 12.exd4 Nc6 13.O-O Rd8 14.a3 Qb6 15.Be3 Qc7 {with chances for both sides in Gukesh-Nakamura, Airthings Masters (rapid) 2023.} ) 8.Bg3 $1 {[%c_effect g3;square;g3;type;GreatFind;persistent;true] It's also possible to exchange and play the normal plan with Ne5-f4, but the move played in the game is more dangerous. It's hard for Black to complete development without trading bishops, but opening the h-file brings the rook to the game.} ( 8.Bxd6 Qxd6 9.Ne5 ) 8...O-O ( 8...cxd4 9.exd4 Bxg3 10.hxg3 Bb5 {This completes Black's initial plan, but Abdusattorov, understandably, refrains from the capture on g3.} ) 9.Bd3 Qc7 10.Bh4 $6 {[%c_effect h4;square;h4;type;Inaccuracy;persistent;true] The plan of capturing the knight on f6 is not effective.} ( 10.dxc5 $1 Qxc5 11.e4 {This creates an unpleasant situation for Black since the pawn is ready to go to e5 but cannot be captured. In case of 11...Bxh3, Black's king feels unsafe.} 11...Bxg3 ( 11...dxe4 $2 12.Nxe4 Nxe4 13.Bxe4 {Black's position collpses.} ) 12.hxg3 ) 10...Nc6 11.Bxf6 gxf6 12.O-O ( 12.Nh4 {is better, but only enough for equality after} 12...f5 13.Qh5 ) 12...c4 $1 13.Be2 f5 {Black has controlled all of White's pawn breaks and is ready to advance the pawns on the queenside.} 14.g3 b5 15.Nh4 Kh8 16.Ng2 Rg8 ( 16...b4 $1 {[%c_effect b4;square;b4;type;GreatFind;persistent;true] is better, with an advantage for Black.} ) 17.b3 Qa5 18.Qc2 Rgc8 19.bxc4 bxc4 20.Rb7 Rc7 21.Rfb1 Qa6 22.Rxc7 Bxc7 23.Nf4 {The worst is over for White, who managed to stabilize the queenside and can count on equality.} 23...Rb8 24.Rxb8+ Bxb8 25.Qb2 Bd6 26.Bd1 Kg7 $6 {[%c_effect g7;square;g7;type;Inaccuracy;persistent;true] The king goes the wrong way, and this will lead to defeat.} ( 26...Ba3 27.Qc2 Qb6 {followed by ...Qb2, with equality.} ) 27.Nh5+ Kg6 $2 ( 27...Kh8 {It's better to go back.} ) 28.h3 {The plan is to play g3-g4, undermining the black king's defenses.} ( 28.Nf3 {is also interesting since the knight cannot be captured.} 28...f6 ( 28...Kxh5 $2 29.Ne5+ Kh6 30.Nxf7+ Kg7 31.Nxd6 {winning a pawn.} ) 29.Nh4+ Kf7 30.Qd2 {with the idea of playing e3-e4 and bringing the queen to h6.} ) 28...Qa3 29.Qc2 Bc7 $6 {[%c_effect c7;square;c7;type;Inaccuracy;persistent;true] played to bring the queen to the defense, but it's already too late.} ( 29...f6 {is a better try.} 30.g4 Ne7 ) 30.g4 $1 Ne7 31.Nf3 {There are other ways to win:} ( 31.gxf5+ Nxf5 32.e4 $1 dxe4 33.Nxe4 {with a decisive attack.} ) ( 31.f4 {with the idea of Nf3-Qg2.} ) 31...Bc8 $6 ( 31...f6 {is the only chance.} ) 32.Nh4+ Kh6 33.f4 ( 33.g5+ {also leads to mate:} 33...Kxg5 34.f4+ Kh6 ( 34...Kxh4 35.Qf2+ Kxh3 36.Qg3# ) 35.Qg2 ) 1-0

[Event "Speed Chess Championship 2023"]
[Site "Chess.com"]
[Date "2023.09.13"]
[Round "2"]
[White "So, Wesley"]
[Black "Firouzja, Alireza"]
[Result "1-0"]
[WhiteElo "3070"]
[BlackElo "3091"]
[ECO "C50"]
[EventDate "2023.??.??"]
[Annotator "rafael"]
[PlyCount "79"]
[Beauty "7701992058430"]
[EventType "team-tourn"]
[TimeControl "300"]

1.e4 e5 2.Nf3 Nc6 3.Bc4 Nf6 4.d3 Bc5 5.O-O O-O 6.a4 d6 7.Be3 {All kinds of ideas are possible in the Italian Opening, but the combination of a4 with Be3 produces a very rare position here.} 7...Bb6 8.Nbd2 h6 {Always a useful move for Black and one you can play in a blitz game without too much thought.} 9.c3 Ng4 {Somewhat superficial, but it doesn't change the character of the game. There are good alternatives.} ( 9...Re8 ) ( 9...Ne7 ) ( 9...Be6 ) 10.Bxb6 axb6 11.d4 Re8 12.Re1 Nf6 {Both sides play solid and conventional moves for now.} 13.Bb5 Bd7 14.h3 Ne7 15.Bxd7 ( 15.dxe5 dxe5 16.Nxe5 $2 {[%c_effect e5;square;e5;type;Mistake;persistent;true] This move loses a piece:} 16...Bxb5 17.axb5 Rxa1 18.Qxa1 Qxd2 ) 15...Nxd7 16.Nf1 Ng6 17.Ng3 Nf6 {A typical position out of the Italian. For now, it looks a bit boring, but fireworks always happen sooner or later.} 18.Qc2 Qd7 19.c4 $1 {[%c_effect c4;square;c4;type;GreatFind;persistent;true] A good plan, improving control of the center and avoiding either b6-b5 or d6-d5.} 19...Nh7 {Firouzja probably planned Ng5, exchanging pieces.} 20.Qd2 $6 {[%c_effect d2;square;d2;type;Inaccuracy;persistent;true] This move drops a pawn and is probably a blunder, not a sacrifice.} ( 20.Nf5 {is normal, with a slight edge for White after} 20...Ng5 21.Nxg5 hxg5 22.b3 ) 20...Rxa4 21.b3 $6 ( 21.dxe5 $1 {[%c_effect e5;square;e5;type;GreatFind;persistent;true] is the best way to fight for compensation:} 21...Rxa1 22.Rxa1 Nxe5 23.Nd4 {with the idea of placing the knight on f5 and playing f2-f4.} 23...Nxc4 $2 {[%c_effect c4;square;c4;type;Mistake;persistent;true] This is too greedy:} 24.Qc3 Ne5 25.f4 {with a strong attack.} ) 21...Ra6 $6 ( 21...Rxa1 22.Rxa1 Nf6 {White doesn't have enough compensation for the pawn.} ) 22.dxe5 $1 Nxe5 23.Nd4 {Now White does have some interesting compensation.} 23...Nf6 ( 23...Rxa1 {I think it's more practical to exchange a pair of rooks to release some of the pressure.} 24.Rxa1 Nf6 ) 24.Rad1 $1 Ng6 25.Ndf5 Ra5 $1 {[%c_effect a5;square;a5;type;GreatFind;persistent;true] A very good defensive move. The rook helps the king from the fifth rank.} 26.f4 ( 26.Nxg7 $2 {[%c_effect g7;square;g7;type;Mistake;persistent;true] The standard sacrifice doesn't work now:} 26...Kxg7 27.Nf5+ Rxf5 $1 {[%c_effect f5;square;f5;type;GreatFind;persistent;true] This variation makes clear why the rook is so useful on a5.} 28.exf5 Rxe1+ 29.Rxe1 Qxf5 {with a winning position for Black.} ) 26...Qc6 {The computer suggests 26...Qe6 or 26...Rea8, two difficult moves, specially in a blitz game.} ( 26...Nxe4 $2 {[%c_effect e4;square;e4;type;Mistake;persistent;true] This tactical trick doesn't work:} 27.Nxh6+ $1 gxh6 28.Nxe4 {and White wins.} ) ( 26...Qe6 ) ( 26...Rea8 ) 27.Kh2 ( 27.Nxg7 $1 {[%c_effect g7;square;g7;type;GreatFind;persistent;true] is now the right way to continue the attack, although it's very difficult to evaluate the sacrifice with little time on the clock.} 27...Kxg7 28.b4 $1 Rh5 {The best defense.} ( 28...Raa8 29.Qc3 {and the pin on the f6-knight is decisive.} ) 29.Rf1 $1 {[%c_effect f1;square;f1;type;GreatFind;persistent;true] Defending the f4-pawn and preparing 30.Qc3, with a strong initiative.} ) 27...Nxe4 $1 28.Qd4 ( 28.Qb2 $1 {[%c_effect b2;square;b2;type;GreatFind;persistent;true] is stronger, since from there the queen protects the g2-pawn and prevents a potential rook invasion on a2.} 28...Nf6 29.Nxg7 {Now this move works.} 29...Rxe1 30.Rxe1 Nh4 $1 {[%c_effect h4;square;h4;type;GreatFind;persistent;true] a great counterattacking move.} 31.N7f5 $1 ( 31.b4 {looks good, but Black has a defense:} 31...Qxg2+ $1 32.Qxg2 Nxg2 33.Kxg2 Ra2+ {followed by the capture of the g7-knight.} ) 31...Nxf5 32.Qxf6 Nxg3 {as is usually the case, the computer shows some interesting drawing variations, for instance:} 33.Qd8+ Kg7 34.Re8 Nf1+ 35.Kh1 ( 35.Kg1 $2 Qc5+ ) 35...Ng3+ ) 28...Nf6 29.Rxe8+ ( 29.Nxg7 {loses after} 29...Ra2 $1 30.Rg1 Nh4 $1 ) 29...Qxe8 $2 {[%c_effect e8;square;e8;type;Mistake;persistent;true] The wrong capture.} ( 29...Nxe8 {is necessary:} 30.Re1 Nf6 {with the advantage for Black.} ) 30.Nxg7 $1 Kxg7 31.b4 $1 {[%c_effect b4;square;b4;type;GreatFind;persistent;true] This is the point of the sacrifice, forcing Black's key defensive rook off of the fifth rank.} 31...Ra2 32.Nf5+ ( 32.Nh5+ $2 {[%c_effect h5;square;h5;type;Mistake;persistent;true] allows Black to escape:} 32...Kf8 33.Qxf6 Rxg2+ $1 34.Kxg2 Qe2+ 35.Kg3 Qe3+ {with perpetual check.} ) 32...Kf8 ( 32...Kh7 {is the only chance:} 33.Qxf6 Qg8 ) 33.Qxf6 Qe2 ( 33...Rxg2+ 34.Kxg2 Qe2+ 35.Kg3 Qxd1 36.Qd8# ) 34.Qd8+ Qe8 35.Qf6 Qe2 36.Qd8+ Qe8 37.Qxc7 $1 {[%c_effect c7;square;c7;type;GreatFind;persistent;true] White is completely winning.} 37...Rxg2+ 38.Kxg2 Nxf4+ ( 38...Qe2+ 39.Kg3 Qxd1 40.Qd8# ) 39.Kg3 Nh5+ 40.Kf3 1-0

[Event "Speed Chess Championship 2023"]
[Site "Chess.com"]
[Date "2023.09.19"]
[Round "3"]
[White "Nakamura, Hikaru"]
[Black "Vachier Lagrave, Maxime"]
[Result "1-0"]
[WhiteElo "3242"]
[BlackElo "3186"]
[ECO "A06"]
[EventDate "2023.??.??"]
[Annotator "rafael"]
[PlyCount "121"]
[Beauty "6323173329974"]
[EventType "team-tourn"]
[TimeControl "300+1"]

1.Nf3 d5 2.b3 Nf6 3.e3 g6 4.Bb2 Bg7 5.c4 O-O 6.d4 {Nakamura has many games in this position.} ( 6.cxd5 {is also possible but doesn't give anything special after} 6...Qxd5 7.Nc3 Qd8 ) 6...c6 ( 6...c5 {was played against Nakamura in a Titled Tuesday game this year.} 7.dxc5 Qa5+ 8.Nbd2 Bg4 9.cxd5 Nxd5 10.Bxg7 Kxg7 11.Bc4 Rd8 12.Qc2 $6 ( 12.O-O {is better.} ) 12...Bxf3 13.gxf3 Nc6 14.a3 Qxc5 {with a good position for Black in Nakamura-Timofeev, Titled Tuesday 2023.} ) 7.Bd3 Bg4 8.Nbd2 Nbd7 ( 8...c5 $5 {[%c_effect c5;square;c5;type;Interesting;persistent;true] is the move recommended by the computer.} ) 9.h3 Bxf3 10.Nxf3 e6 ( 10...Qa5+ {leads to a slightly better endgame for White due to the bishop pair:} 11.Qd2 Qxd2+ 12.Kxd2 Ne4+ 13.Kc2 {Nakamura-Rakhmanov, Titled Tuesday 2019.} ) 11.Qc2 Qe7 {A new move.} ( 11...Re8 12.O-O a6 13.Rfd1 {with a slight advantage for White: Nakamura-Dubov, Titled Tuesday 2022.} ) 12.O-O Rfc8 {A curious development for the f8-rook. It seems more natural to bring the other rook to c8 and this one to d8. Vachier Lagrave wants to play ...c5 quickly.} 13.Rac1 c5 14.cxd5 {Nakamura plays a little hastily and loses the advantage.} ( 14.Qb1 {is natural, removing the queen from the c-file and keeping a slight advantage.} ) 14...Nxd5 15.Ba3 $6 {[%c_effect a3;square;a3;type;Inaccuracy;persistent;true] This is a clear inaccuracy: Nakamura certainly missed Black's ingenious reply.} ( 15.Qb1 ) 15...Qd8 $1 {[%c_effect d8;square;d8;type;GreatFind;persistent;true] The queen is going to a5.} 16.dxc5 $2 {[%c_effect c5;square;c5;type;Mistake;persistent;true] A serious mistake. White's position becomes very dangerous.} ( 16.Qd2 {The game remains equal after} 16...cxd4 17.Nxd4 ) 16...Qa5 17.e4 $6 ( 17.Bb2 {is the lesser evil.} 17...Nb4 18.Bc3 $1 {[%c_effect c3;square;c3;type;GreatFind;persistent;true] The only move.} 18...Bxc3 19.Qxc3 Rxc5 20.Bc4 Nxa2 21.Qxa5 Rxa5 22.Ra1 b6 {with a clearly better endgame for Black.} ) 17...Nf4 ( 17...Qxa3 {is also good, but the move played in the game is even stronger.} 18.exd5 Rxc5 19.Qb1 exd5 {with a healthy pawn up.} ) 18.g3 Nxh3+ 19.Kg2 Nxf2 $1 20.Qxf2 Qxa3 {Black is winning, but Nakamura creates an imaginative tactical trap.} 21.Rc4 $5 Rxc5 $2 {[%c_effect c5;square;c5;type;Mistake;persistent;true] Vachier-Lagrave falls for it. One needs to be always alert when facing Nakamura.} ( 21...Nxc5 {is winning.} ) 22.Nd4 $3 {[%c_effect d4;square;d4;type;Brilliant;persistent;true] A brilliant move, threatening to take on f7 and also to trap the queen with 23.Ra4.} 22...Rxc4 {Black has no time to defend the f7-pawn.} ( 22...Ne5 23.Ra4 {wins the queen.} ) 23.Qxf7+ Kh8 24.Nxe6 $1 Rg8 25.Qxd7 $2 {[%c_effect d7;square;d7;type;Mistake;persistent;true] This lets Black off the hook.} ( 25.Bxc4 {is better, sustaining the pressure. The main idea can be seen in the following variation:} 25...Ne5 26.Qxb7 Nxc4 27.bxc4 Qxa2+ 28.Rf2 Qxc4 29.Nxg7 Rxg7 30.Rf8+ Rg8 31.Qb2+ $1 {[%c_effect b2;square;b2;type;GreatFind;persistent;true] Black is mated.} ) 25...Rc3 26.Ng5 ( 26.Nxg7 {leads to a chaotic position after} 26...Qxa2+ 27.Kh3 Qxb3 ) 26...Rf8 $2 ( 26...h6 {is necessary.} 27.Nf7+ Kh7 28.e5 ( 28.Ng5+ Kh8 {with perpetual check.} ) 28...Rxd3 29.Qxd3 Qxa2+ 30.Rf2 Qa6 {with equality.} ) 27.Nf7+ Kg8 28.Qd5 $2 ( 28.Qe6 $1 {[%c_effect e6;square;e6;type;GreatFind;persistent;true] is the right way. This avoids Black's defense in the game and is also useful against the advance of the h-pawn, since now g6 is hanging.} 28...h6 ( 28...h5 {loses to} 29.Ng5+ Kh8 30.Qxg6 ) 29.Ne5+ Kh7 30.Qxg6+ Kg8 ( 30...Kh8 31.Nf7+ Rxf7 32.Rxf7 {winning.} ) 31.Bc4+ Rxc4 32.Rxf8+ Qxf8 33.Nxc4 {with a winning endgame a pawn up.} ) 28...Qe7 {28...h6 and 28...h5 are also possible.} ( 28...h5 29.Ng5+ Kh8 30.Nf7+ {with a draw.} ) ( 28...h6 29.Ng5+ ( 29.Nxh6+ {is also a draw:} 29...Kh7 30.Rxf8 Qxf8 31.Nf7 Rxd3 32.Ng5+ Kh6 33.Nf7+ Kh7 ) 29...Kh8 30.Nf7+ Kh7 31.Ng5+ {with a draw. Taking the knight is bad:} 31...hxg5 $2 32.Rh1+ Bh6 33.Qd7+ Kg8 34.Rxh6 {and White wins.} ) 29.Bc4 Rxc4 $2 ( 29...Bf6 $1 {[%c_effect f6;square;f6;type;GreatFind;persistent;true] is the best defense. Black prepares to take the f7-knight.} 30.e5 Rc2+ 31.Kh3 Qxf7 $1 32.Qd3 Rxc4 33.Rxf6 Rc7 34.Rxf7 Rcxf7 {with a slight advantage for Black, although White should be able to make a draw.} ) 30.Nh6+ Kh8 31.Rxf8+ Qxf8 32.Nf7+ Kg8 33.Nd6+ Kh8 34.bxc4 {Queen and knight combine very well attacking the king. Furthermore, the passed e-pawn is very dangerous.} 34...b6 35.e5 $2 {[%c_effect e5;square;e5;type;Mistake;persistent;true] The wrong time to advance.} ( 35.Nf7+ $1 Kg8 36.Ne5+ Kh8 37.Nd7 Qe8 38.e5 {with a clear advantage.} ) 35...h5 $1 36.e6 Bf6 37.Ne4 Be7 {The bishop controls both the pawn and the knight.} 38.Qe5+ Kh7 39.Qc7 Kh6 $1 40.Nc3 ( 40.Qxa7 Qf5 $1 {[%c_effect f5;square;f5;type;GreatFind;persistent;true] with a draw.} ) 40...Qf6 41.Nd5 Qb2+ 42.Kf3 Bc5 43.Qf4+ g5 44.Qf6+ Qxf6+ 45.Nxf6 Kg6 46.Nd5 {The game steers into a drawn knight against bishop endgame.} 46...Bd6 47.g4 h4 48.a4 Bc5 49.Kg2 Bd6 50.Kh3 Bc5 51.Nc3 {One last winning try.} 51...Kf6 {Black can also wait since White has no plan to improve the position.} ( 51...Be7 52.Ne4 Bb4 ) 52.Ne4+ Kxe6 53.Nxg5+ Ke5 54.Kxh4 Kd4 $4 {[%c_effect d4;square;d4;type;Blunder;persistent;true] A blunder that finally decides this dramatic game.} ( 54...Be7 55.Kh5 Kd4 56.Ne6+ Kxc4 57.g5 Bxg5 58.Kxg5 Kb4 59.Kf4 Kxa4 60.Ke4 {with a draw.} ) 55.Ne6+ Kxc4 56.Nxc5 bxc5 57.g5 {White's g-pawn is too fast.} 57...Kd5 58.Kh5 c4 59.g6 Ke6 60.Kh6 c3 61.g7 1-0